 Dungeon Crawl Stone Soup version 0.30-a0-777-ga9a30cbeda (webtiles) character file.

Game seed: 8279132102569247751

46 Heoruswealwe the Caller (level 3, 0/19 HPs)
             Began as a Deep Elf Summoner on Feb 14, 2023.
             Slain by a goblin
             ... wielding a +0 dagger
             ... led by Robin
              (2 damage)
             ... on level 1 of the Dungeon.
             The game lasted 00:21:36 (1367 turns).

Heoruswealwe the Caller (Deep Elf Summoner)         Turns: 1367, Time: 00:21:36

Health: 0/19       AC:  2    Str:  5    XL:     3   Next: 44%
Magic:  7/9        EV: 12    Int: 21    God:
Gold:   81         SH:  0    Dex: 15    Spells: 4/8 levels left

rFire   . . .      SeeInvis .    d - +0 dagger
rCold   . . .      Faith    .    (no shield)
rNeg    . . .      Spirit   .    a - +0 robe
rPois   .          Reflect  .    (no helmet)
rElec   .          Harm     .    (no cloak)
rCorr   .          Rampage  .    (no gloves)
Will    .....                    (no boots)
Stlth   ++                       (no amulet)
HPRegen 0.23/turn                (no ring)
MPRegen 0.11/turn                (no ring)

@: no status effects
A: no striking features
a: no special abilities


You were on level 1 of the Dungeon.
You visited 1 branch of the dungeon, and saw 2 of its levels.

You collected 107 gold pieces.
You spent 26 gold pieces at shops.

Inventory:

Hand Weapons
 d - a +0 dagger (weapon)
 f - a +0 whip
 h - a +0 hand axe
 i - a +0 dagger
 j - a +0 spear
 k - a +0 club
 m - a +0 mace
 o - a +0 club
 q - a +0 dagger
 t - a +0 club
 u - a +0 dagger
 v - a +0 dagger
 w - a +0 dagger
 x - a +0 dagger
Missiles
 e - 3 stones
Armour
 a - a +0 robe (worn)
 l - a +0 leather armour
 n - a +0 robe
Magical Staves
 g - a staff of cold
Scrolls
 s - a scroll of identify
Potions
 b - a potion of magic
 c - a potion of mutation {unknown}
 p - a potion of might {unknown}
 r - a potion of lignification {unknown}


   Skills:
 + Level 0.3 Fighting
 + Level 0.1 Long Blades
 + Level 2.4 Dodging
 + Level 3.0 Stealth
 * Level 3.2 Spellcasting
 + Level 0.1 Conjurations
 + Level 0.5 Hexes
 * Level 4.6 Summonings
 + Level 0.5 Necromancy
 + Level 0.5 Translocations
 + Level 0.8 Transmutations
 + Level 0.2 Fire Magic
 + Level 0.5 Ice Magic
 + Level 0.2 Air Magic
 + Level 0.0 Earth Magic
 + Level 0.0 Poison Magic
 + Level 0.4 Invocations
 + Level 0.0 Evocations


You had 4 spell levels left.
You knew the following spells:

 Your Spells              Type           Power      Damage    Failure   Level
a - Summon Small Mammal   Summ           88%        N/A       1%          1
b - Call Canine Familiar  Summ           22%        N/A       6%          3

Your spell library contained the following spells:

 Spells                   Type           Power      Damage    Failure   Level
 Call Imp                 Summ           22%        N/A       3%          2
 Summon Guardian Golem    Hex/Summ       14%        N/A       14%         3
 Summon Lightning Spire   Summ/Air       13%        N/A       43%         4


Dungeon Overview and Level Annotations

Branches:
Dungeon (2/15)

Altars:

Shops:
D:1 =[(=?

Annotations:
D:2 Robin


Message History

The goblin hits you with a +0 dagger. Robin throws the goblin at you!
You barely miss the goblin.
Your hound bites the goblin.
The goblin hits you but does no damage. The goblin hits you with a +0 dagger.
Robin roars a battlecry!
The goblins go into a battle-frenzy!
The hobgoblin hits you. The goblin closely misses you.
Your hound closely misses the goblin.
The goblin hits you with a +0 club.
Your hound closely misses the goblin.
The goblin hits you with a +0 dagger.
* * * LOW HITPOINT WARNING * * *
The hobgoblin hits you.
* * * LOW HITPOINT WARNING * * *
The goblin barely misses you.
You climb upwards.
Your summoned ally is left behind.
There is a stone staircase leading down, spattered with blood here.
Okay, then.
You hit the goblin.
You kill the goblin!
You hit the hobgoblin.
The hobgoblin is moderately wounded.
The hobgoblin misses you.
You hit the hobgoblin.
You kill the hobgoblin!
You hit the goblin.
The goblin is moderately wounded.
The goblin barely misses you.
You closely miss the goblin.
The goblin is moderately wounded.
The goblin hits you but does no damage.
You closely miss the goblin.
The goblin is moderately wounded.
The goblin hits you with a +0 dagger.
* * * LOW HITPOINT WARNING * * *
Unknown command.
You hit the goblin.
You kill the goblin!
Your Stealth skill increases to level 3!
You miss the goblin.
The goblin is moderately wounded.
The goblin hits you with a +0 dagger.
You die...

..#.#########..#........#.# ###.#
#.........#######.# ....##
##.####.##..### #.# ###..###..#
#.###...####.####### ####..##.##
##.............#.....
##§......####.................###
#.§≈§≈§...##...≈≈≈≈...........#
..≈§≈§§§......≈≈≈≈.≈..........###
..≈≈≈≈≈§......≈≈@g≈≈.........##..
..≈≈≈≈≈≈......≈≈≈≈≈≈.#######.#..#
...§≈≈≈..####..≈≈≈≈..# #.#.##
##......## ##......########...#
###.....# #.#####..........## #
#.##..## ##.# #........>.# #
#.##...####..# #.....∩...## #
#.##.........# ########### #
#.##.####....#


You could see a goblin (strong).

Vanquished Creatures
  4 bats (D:1)
  An endoplasm (D:1)
  A giant cockroach (D:1)
  7 goblins (D:1)
  2 hobgoblins (D:1)
  A frilled lizard (D:1)
  A rat (D:1)
17 creatures vanquished.

Vanquished Creatures (collateral kills)
  6 endoplasms (D:1)
  2 hobgoblins (D:1)
  A quokka (D:1)
  5 ball pythons (D:1)
  A bat (D:1)
  4 frilled lizards (D:1)
  3 goblins (D:1)
  A kobold (D:1)
23 creatures vanquished.

Grand Total: 40 creatures vanquished

Notes
Turn   | Place    | Note
-------+----------+-------------------------------------------
     0 | D:1      | Heoruswealwe the Deep Elf Summoner began the quest for the
                  | Orb.
     0 | D:1      | Reached XP level 1. HP: 10/10 MP: 6/6
    43 | D:1      | Found Wehyden's Weapon Shoppe.
   106 | D:1      | Found Kinas's Jewellery Emporium.
   171 | D:1      | Found Setiw's Magic Scroll Shop.
   330 | D:1      | Reached XP level 2. HP: 15/15 MP: 6/8
   358 | D:1      | Found Faobam's Antique Armour Shop.
   743 | D:1      | Found Bokleg's Jewellery Shoppe.
   936 | D:1      | Reached XP level 3. HP: 15/19 MP: 7/9
  1098 | D:1      | Bought a scroll of identify for 26 gold pieces
  1182 | D:1      | Learned a level 3 spell: Call Canine Familiar
  1219 | D:2      | Noticed Robin
  1367 | D:1      | Slain by a goblin

Illustrated notes

Levels and vault maps discovered:
D:1:      dpeg_arrival_pits, layout_basic, serial_shops,
          nicolae_shop_statue_plus, shop, nicolae_shop_crystal, shop, shop
D:2:      layout_basic, chequers_serial_rivers_micro_c, uniq_robin

Skill      XL: |  1  2  3 |
---------------+----------+-----
Stealth        | 3 |  3.0
Fighting       | |  0.3
Long Blades    | |  0.1
Dodging        | |  2.4
Spellcasting   | |  3.2
Conjurations   | |  0.1
Hexes          | |  0.5
Summonings     | |  4.6
Necromancy     | |  0.5
Translocations | |  0.5
Transmutations | |  0.8
Fire Magic     | |  0.2
Ice Magic      | |  0.5
Air Magic      | |  0.2
Invocations    | |  0.4

Action                     || total
---------------------------++-------
  Melee: Dagger            ||    67
         Punch             ||     2
   Cast: Summon Small Mamm ||    27
         Call Canine Famil ||     3
   Stab: Sleeping          ||     3
         Distracted        ||     1
 Armour: Robe              ||    16
  Dodge: Dodged            ||    49

Table legend: (Time is in decaauts)
 A = Elapsed time spent in this place.
 B = Non-inter-level travel time spent in this place.
 C = Inter-level travel time spent in this place.
 D = Time resting spent in this place.
 E = Time spent auto-exploring this place.
 F = Levels seen in this place.
 G = Mean time per level.
                   A        B        C        D        E       F      G
               +--------+--------+--------+--------+--------+-----+--------+
         Total |   1368 |   1170 |    198 |      0 |     94 |   2 |  684.0 |
       Dungeon |   1368 |   1170 |    198 |      0 |     94 |   2 |  684.0 |
               +--------+--------+--------+--------+--------+-----+--------+

Top non-repeatable levels by time:
     D:1: 1360 daAuts
     D:2: 8 daAuts
